 Dungeon Sprint DCSS version 0.18-a0-1797-gc18daef (webtiles) character file.

3200000 macross the Intangible (level 20, -15/216 HPs)
             Began as a Demigod Gladiator on Apr 23, 2016.
             Demolished by a meat berserker
             ... wielding a +9 battleaxe
              (56 damage)
             ... in the Dungeon (Sprint VIII: "Arena of Blood").
             The game lasted 00:02:08 (32 turns).

macross the Intangible (Demigod Gladiator)            Turns: 32, Time: 00:02:09

Health: -15/216    AC:  8    Str: 28    XL:     20   Next: 97%
Magic:  23/53      EV: 33    Int: 12    God:
Gold:   0          SH:  0    Dex: 18    Spells: 0 memorised, 65 levels left

rFire  . . .     SeeInvis .     l - +∞ Axe of Woe
rCold  . . .     Gourm    .     b - +0 leather armour
rNeg   . . .     Faith    .     (shield currently unavailable)
rPois  .         Spirit   .     c - +0 helmet
rElec  .         Dismiss  .     (no cloak)
rCorr  .         Reflect  .     (no gloves)
SustAt +         Harm     .     (no boots)
MR     ++...     NoTele   +     (no amulet)
Stlth  +++++++++.               (no ring)
                                (no ring)

@: very slightly contaminated, very resistant to hostile enchantments,
incredibly stealthy
A: high mp 1, sustain attributes
a: no special abilities


You were in the Dungeon.
You were not hungry.

You visited 1 branch

Inventory:

Hand Weapons
 a - a +0 war axe
 l - the +∞ Axe of Woe (weapon)
   (You found it in the Dungeon)
Missiles
 d - 3 throwing nets (quivered)
Armour
 b - a +0 leather armour (worn)
 c - a +0 helmet (worn)
Potions
 e - a potion of curing
 g - a potion of heal wounds
 h - a potion of haste
 i - 2 potions of magic
 j - a potion of berserk rage
Comestibles
 f - a bread ration


   Skills:
 O Level 27 Fighting
 O Level 27 Axes
 O Level 27 Throwing
 + Level 24.6 Armour
 O Level 27 Dodging
 + Level 26.4 Stealth
 + Level 24.6 Unarmed Combat
 + Level 23.0 Spellcasting


You had 65 spell levels left.
You didn't know any spells.

Dungeon Overview and Level Annotations

Branches:
Dungeon (1/1)


Innate Abilities, Weirdness & Mutations

You have an increased reservoir of magic (+10% MP).
Your attributes are resistant to harm.


Message History

The fiery explosion engulfs the meat berserker.
Your Stealth skill increases to level 26!
Your Spellcasting skill increases to level 23!
You are engulfed in roaring flames.
* * * LOW HITPOINT WARNING * * *
You hear a shout! x20
Blink to where?
Press: ? - help, Dir - move target cursor You are very lightly contaminated with residual magic.
As you read the scroll of blinking, it crumbles to dust. 8 orcs, 2 ogres and a hill giant come into view.
The meat berserker shouts!
You hear a shout! x2
The bag of meat moves out of view.
The bag of meat is engulfed in roaring flames.
You hear a shout!
The bag of meat is engulfed in roaring flames.
You hear a shout! x2
The meat berserker is engulfed in roaring flames.
The meat berserker hits you with a +9 battleaxe!!!
You die...

..O............
#......#....V.........
... ..................
.#...........V........
..#.......C#....o..#
....o#.... #.)oo...# .
..#....o.###§o§....###..
.o...oO.....oO###)......
#@....o§O_.)......
#.......#))...#.V...
.O...o....#_.<._# ....
....#.......#.....# ..o
.o. ..#........_..... ..
o. ...........###.......
. .......###... ...###.
......... #... ...# #.
..#


You could see a destroyer, a large bag of meat (inner flame), 4 meat berserkers
and 11 bags of meat.

Vanquished Creatures
  A vampire knight (D)
  9 ogres (D)
  15 orcs (D)
  A hill giant (D)
26 creatures vanquished.

Notes
Turn   | Place    | Note
--------------------------------------------------------------
     0 | D        | macross the Demigod Gladiator began the quest for the Orb.
     0 | D        | Reached XP level 1. HP: 17/17 MP: 3/3
     3 | D        | Noticed a bag of meat
     3 | D        | Noticed a bag of meat
     4 | D        | Noticed a bag of meat
     5 | D        | Killed a bag of meat
     5 | D        | Reached XP level 2. HP: 37/37 MP: 4/4
     5 | D        | Reached XP level 3. HP: 44/44 MP: 5/5
     5 | D        | Reached XP level 4. HP: 50/50 MP: 6/6
     5 | D        | Reached XP level 5. HP: 57/57 MP: 7/7
     5 | D        | Reached XP level 6. HP: 64/64 MP: 8/8
     5 | D        | Reached XP level 7. HP: 70/70 MP: 9/9
     5 | D        | Reached XP level 8. HP: 78/78 MP: 10/10
     5 | D        | Reached XP level 9. HP: 84/84 MP: 11/11
     5 | D        | Reached XP level 10. HP: 91/91 MP: 13/13
     5 | D        | Reached XP level 11. HP: 97/97 MP: 14/14
     6 | D        | Noticed a bag of meat
     6 | D        | Killed a bag of meat
     6 | D        | Reached skill level 10 in Fighting
     6 | D        | Reached skill level 10 in Throwing
     6 | D        | Reached XP level 12. HP: 108/108 MP: 15/15
     7 | D        | Noticed a bag of meat
     8 | D        | Killed a bag of meat
     8 | D        | Reached XP level 13. HP: 118/118 MP: 16/16
    10 | D        | Killed a bag of meat
    12 | D        | Noticed a bag of meat
    12 | D        | Noticed a meat berserker
    12 | D        | Killed a bag of meat
    12 | D        | Reached XP level 14. HP: 129/129 MP: 17/17
    13 | D        | Noticed a meat berserker
    14 | D        | Killed a meat berserker
    14 | D        | Reached XP level 15. HP: 139/139 MP: 18/18
    15 | D        | Noticed a meat berserker
    16 | D        | Noticed a meat berserker
    16 | D        | Reached skill level 15 in Fighting
    17 | D        | Noticed a meat berserker
    17 | D        | Reached skill level 15 in Throwing
    18 | D        | Noticed a meat berserker
    18 | D        | Noticed a meat berserker
    18 | D        | Noticed a meat berserker
    19 | D        | Noticed a large bag of meat
    19 | D        | Noticed a meat berserker
    19 | D        | Killed a meat berserker
    19 | D        | Reached skill level 27 in Axes
    19 | D        | Reached skill level 27 in Dodging
    19 | D        | Reached XP level 16. HP: 85/159 MP: 19/19
    19 | D        | Killed a meat berserker
    19 | D        | Killed a meat berserker
    19 | D        | Reached XP level 17. HP: 97/183 MP: 20/20
    21 | D        | Noticed a destroyer
    21 | D        | Killed a meat berserker
    21 | D        | Reached skill level 27 in Fighting
    21 | D        | Killed a meat berserker
    21 | D        | Reached skill level 27 in Throwing
    21 | D        | Reached XP level 18. HP: 107/200 MP: 21/21
    22 | D        | Reached skill level 10 in Stealth
    23 | D        | Killed a meat berserker
    23 | D        | Killed a meat berserker
    23 | D        | Reached skill level 15 in Armour
    23 | D        | Reached skill level 15 in Unarmed Combat
    23 | D        | Reached XP level 19. HP: 111/207 MP: 21/43
    24 | D        | Killed a meat berserker
    24 | D        | Reached XP level 20. HP: 117/216 MP: 21/49
    29 | D        | Noticed a destroyer
    30 | D        | Killed a destroyer
    31 | D        | Noticed a destroyer
    32 | D        | Demolished by a meat berserker

Vault maps used:
D:        meatsprint

Skill      XL: |  1  2  3  4  5  6  7  8  9 10 11 12 13 14 15 16 17 18 19 20 |
---------------+-------------------------------------------------------------+-----
Fighting       | 9 10 12 13 14 18 24 27 | 27.0
Axes           | 16 18 20 22 24 27 | 27.0
Throwing       | 9 10 11 13 14 17 23 27 | 27.0
Dodging        | 16 18 20 22 24 27 | 27.0
Armour         | 15 20 24 | 24.6
Stealth        | 17 21 26 | 26.4
Unarmed Combat | 15 20 24 | 24.6
Spellcasting   | 14 19 23 | 23.0

Action                   |  1- 3 |  4- 6 |  7- 9 | 10-12 | 13-15 | 16-18 | 19-21 || total
-------------------------+-------+-------+-------+-------+-------+-------+-------++-------
Melee: Executioner's axe |     1 |       |       |     2 |     6 |     3 |     5 ||    17
  Use: Scroll            |       |       |       |       |       |       |     1 ||     1
Armor: Leather armour    |       |       |       |       |       |       |     1 ||     1
Dodge: Dodged            |       |       |       |       |     2 |     1 |     2 ||     5
